 Dungeon Crawl Stone Soup version 0.26-a0-831-g7192265339 (webtiles) character file.

Game seed: 14863056761449316519

1023 Demosthentine the Shield-Bearer (level 8, 0/63 HPs)
             Began as a Formicid Fighter on Nov 15, 2020.
             Slain by a gnoll
             ... wielding a +0 spear
              (4 damage)
             ... on level 6 of the Dungeon.
             The game lasted 00:05:37 (4706 turns).

Demosthentine the Shield-Bearer (Formicid Fighter)  Turns: 4706, Time: 00:05:37

Health: 0/63       AC:  7    Str: 30    XL:     8   Next: 46%
Magic:  8/8        EV: 10    Int:  8    God:
Gold:   315        SH: 11    Dex: 10    Spells: 7/7 levels left

rFire    + . .     SeeInvis +   q - +1 war axe (flame)
rCold    . . .     Faith    .   c - +0 kite shield
rNeg     . . .     Spirit   .   b - +0 scale mail
rPois    .         Reflect  .   (helmet unavailable)
rElec    .         Harm     .   (no cloak)
rCorr    .         Rampage  .   (no gloves)
MR       .....                  (no boots)
Stlth    ..........             (no amulet)
HPRegen  0.20/turn              t - ring "Ezxeusas" {*Tele rF+ Str+7}
MPRegen  0.11/turn              o - +4 ring of slaying

@: mighty
A: permanent stasis, dig shafts and tunnels, four strong arms, antennae 3
a: Dig, Shaft Self


You were on level 6 of the Dungeon.
You visited 2 branches of the dungeon, and saw 7 of its levels.
You also visited: Sewer.

You collected 315 gold pieces.

Inventory:

Hand Weapons
 h - the cursed +0 rapier "Xuevufuo" {flame, +Inv rPois Int+5 Dex+4, unknown}
   (You found it on level 4 of the Dungeon)

   It has been specially enchanted to burn those struck by it, causing extra
   injury to most foes and up to half again as much damage against particularly
   susceptible opponents.
   It affects your intelligence (+5).
   It affects your dexterity (+4).
   It protects you from poison.
   It lets you turn invisible.
   It has a curse placed upon it.
 q - a +1 war axe of flaming (weapon)
Armour
 b - a +0 scale mail (worn)
 c - a +0 kite shield (worn)
Jewellery
 o - a +4 ring of slaying (right hand)
 t - the ring "Ezxeusas" (left hand) {*Tele rF+ Str+7}
   (You found it on level 5 of the Dungeon)

   [ring of teleportation]

   It may teleport you next to monsters.
   It affects your strength (+7).
   It protects you from fire.
Wands
 a - a wand of polymorph (4)
 r - a wand of iceblast (4)
Scrolls
 e - a scroll of enchant weapon
 g - 3 scrolls of fear
 i - a scroll of identify
 n - 2 scrolls of amnesia
 u - a scroll of fog
 v - a scroll of remove curse
Potions
 d - a potion of might
 l - a potion of magic
 m - a potion of mutation
 p - a potion of cancellation


   Skills:
 + Level 5.5 Fighting
 + Level 4.5 Axes
 + Level 5.6 Armour
 + Level 3.5 Dodging
 + Level 6.1 Shields


You had 7 spell levels left.
You didn't know any spells.
Your spell library was empty.

Dungeon Overview and Level Annotations

Branches:
Dungeon (6/15)             Temple (1/1) D:5           Sewer (visited)

Altars:
Ashenzari
Dithmenos
Elyvilon
Fedhas
Hepliaklqana
Kikubaaqudgha
Makhleb
Nemelex Xobeh
Okawaru
Qazlal
Ru
Sif Muna
Trog
Uskayaw
Vehumet
Wu Jian
Xom
Yredelemnul
The Shining One


Innate Abilities, Weirdness & Mutations

You cannot be hasted, slowed, berserked, paralysed or teleported.
You can dig through walls and to a lower floor.
Your four strong arms can wield two-handed weapons with a shield.
You have a pair of large antennae on your head. (SInv)


Message History

Things that are here:
a +0 spear; a gnoll corpse Unknown command.
You block the gnoll's attack.
Things that are here:
a +0 spear; a throwing net; a gnoll corpse
Items here: )))) [[ †.
Items here: )) [ †.
Okay, then.
You feel very mighty all of a sudden. The gnoll barely misses you.
Unknown command.
The gnoll misses you.
Unknown command.
You slice the gnoll!! You burn the gnoll.
You kill the gnoll!
The gnoll closely misses you.
Unknown command.
The gnoll hits you with a +0 spear.
You die...

##############################
.P............................
.........P................P.†.
≈≈≈≈≈≈≈≈≈≈≈≈≈≈≈≈≈≈≈≈≈≈≈≈≈≈≈≈≈
≈≈≈≈≈≈≈≈≈≈≈≈≈≈≈≈≈≈≈≈≈≈≈≈≈≈≈≈
#≈≈≈≈≈≈≈≈≈≈≈≈≈≈≈≈≈≈≈≈≈≈≈≈ {
{#....†................... {
#'#######################
#.)..'..@gggg'..+
#....#########''# {#....# {
..... ###### {....... {


gg..... { { ....... ++##### { { { { You could see 4 gnolls.

Vanquished Creatures
  Purgy (Sewer)
  An ice beast (D:5)
  A gnoll sergeant (D:6)
  A scorpion (D:5)
  3 wights (D:6)
  A jelly (D:5)
  A bullfrog skeleton (D:4)
  2 hounds
  An iguana (D:4)
  2 gnoll shamans (D:6)
  5 worker ants
  3 adders
  7 gnolls (D:6)
  An adder skeleton (D:5)
  2 worms
  8 dart slugs
  4 leopard geckos
  9 orcs
  7 giant cockroaches
  7 hobgoblins
  28 jackals
  11 kobolds
  4 quokkas
  6 ball pythons
  9 bats
  10 frilled lizards
  16 goblins
  A leopard gecko skeleton (D:5)
  12 rats
164 creatures vanquished.

Vanquished Creatures (others)
  4 plants
4 creatures vanquished.

Grand Total: 168 creatures vanquished

Notes
Turn   | Place    | Note
-------+----------+-------------------------------------------
     0 | D:1      | Demosthentine the Formicid Fighter began the quest for the
                  | Orb.
     0 | D:1      | Reached XP level 1. HP: 18/18 MP: 1/1
    14 | D:1      | Reached XP level 2. HP: 20/24 MP: 2/2
   226 | D:1      | Reached XP level 3. HP: 27/29 MP: 3/3
   397 | D:1      | Reached skill level 4 in Shields
   453 | D:1      | Reached skill level 1 in Dodging
   616 | D:1      | Reached XP level 4. HP: 37/37 MP: 4/4
  1060 | D:2      | You fall into a shaft and drop 1 floor!
  1289 | D:3      | Reached XP level 5. HP: 34/42 MP: 5/5
  1556 | D:3      | Found a glowing drain.
  1565 | Sewer    | Entered a sewer
  1582 | Sewer    | Noticed Purgy
  1592 | Sewer    | Killed Purgy
  1593 | Sewer    | Reached XP level 6. HP: 35/48 MP: 6/6
  2467 | D:2      | Found a glowing golden altar of the Shining One.
  3029 | D:4      | Got a buzzing rapier
  3044 | D:4      | Reached skill level 5 in Shields
  3197 | D:4      | Reached XP level 7. HP: 55/55 MP: 7/7
  3485 | D:5      | Entered Level 5 of the Dungeon
  3498 | D:5      | Reached skill level 5 in Armour
  3780 | D:5      | Found a staircase to the Ecumenical Temple.
  3790 | Temple   | Entered the Ecumenical Temple
  4055 | D:5      | Reached skill level 5 in Fighting
  4277 | D:5      | Got a crude jade ring
  4431 | D:5      | Identified the ring "Ezxeusas" {*Tele rF+ Str+7} (You found
                  | it on level 5 of the Dungeon)
  4453 | D:6      | Reached XP level 8. HP: 59/62 MP: 8/8
  4670 | D:6      | Reached skill level 6 in Shields
  4694 | D:6      | HP: 1/63 [gnoll/+0 spear (5)]
  4706 | D:6      | Slain by a gnoll

Illustrated notes

Levels and vault maps discovered:
D:1:      dpeg_arrival_rooms_with_view, layout_rooms, skrybe_limestone_x,
          kennysheep_small_spiral, serial_bayou_lake_a
D:2:      minmay_recursive_quarters, layout_loops_corners, lemuel_round_altar
D:3:      layout_loops_ring, serial_rivers, chequers_serial_rivers_small_3,
          chequers_serial_rivers_small_a, chequers_serial_rivers_room_a,
          chequers_serial_rivers_marsh, chequers_serial_rivers_room_a,
          portal_sewer_entry_a
D:4:      layout_layer_cave, minmay_statues_item
D:5:      layout_cave_pools, temple_pool_b
D:6:      lemuel_castle_with_subvaults [lemuel_castle_interior_original],
          layout_basic, minmay_misc_feat_more_columns,
          nicolae_ru_great_annihilating_truth, uniq_prince_ribbit1, uniq_duvessa
Temple:   dpeg_five_rooms_temple

Skill      XL: |  1  2  3  4  5  6  7  8 |
---------------+-------------------------+-----
Shields        | 4 5 6 |  6.1
Dodging        | 1 2 3 |  3.5
Fighting       | 4 5 |  5.5
Armour         | 4 5 |  5.6
Axes           | 3 4 |  4.5

Action                   |  1- 3 |  4- 6 |  7- 9 || total
-------------------------+-------+-------+-------++-------
Melee: War axe           |    79 |   249 |   138 ||   466
  Use: Scroll            |       |    12 |     5 ||    17
       Potion            |       |       |     2 ||     2
Armor: Scale mail        |    29 |   160 |    37 ||   226
Dodge: Dodged            |    44 |   108 |    50 ||   202
Block: Kite shield       |    48 |   142 |    80 ||   270

Table legend: (Time is in decaauts)
 A = Elapsed time spent in this place.
 B = Non-inter-level travel time spent in this place.
 C = Inter-level travel time spent in this place.
 D = Time resting spent in this place.
 E = Time spent auto-exploring this place.
 F = Levels seen in this place.
 G = Mean time per level.
                   A        B        C        D        E       F      G
               +--------+--------+--------+--------+--------+-----+--------+
         Total |   4938 |   4785 |    153 |      0 |   3439 |   8 |  617.2 |
       Dungeon |   4468 |   4315 |    153 |      0 |   3082 |   6 |  744.7 |
        Temple |    237 |    237 |      0 |      0 |    188 |   1 |  237.0 |
         Sewer |    231 |    231 |      0 |      0 |    169 |   1 |  231.0 |
               +--------+--------+--------+--------+--------+-----+--------+

Top non-repeatable levels by time:
     D:2: 1082 daAuts
     D:3: 920 daAuts
     D:1: 831 daAuts
     D:5: 742 daAuts
     D:4: 603 daAuts
     D:6: 288 daAuts
  Temple: 237 daAuts
   Sewer: 231 daAuts
